 Dungeon Crawl Stone Soup version 0.22-a0-409-gb855193 (webtiles) character file.

8885 4thArraOfDagon the Arsonist (level 11, -15/61 HPs)
             Began as an Octopode Fire Elementalist on May 10, 2018.
             Was a High Priest of Sif Muna.
             Killed from afar by a deep elf mage (43 damage)
             ... with a shard of ice
             ... on level 12 of the Dungeon.
             The game lasted 00:20:40 (7290 turns).

4thArraOfDagon the Arsonist (OpFE)                  Turns: 7290, Time: 00:20:41

Health: -15/61     AC:  5    Str: 12    XL:     11   Next: 37%
Magic:  0/21       EV: 14    Int: 20    God:    Sif Muna [*****.]
Gold:   590        SH:  0    Dex: 16    Spells: 10/23 levels left

rFire    . . .     SeeInvis +   A - +4 halberd (freeze) (curse)
rCold    x . .     Gourm    .   (shield currently unavailable)
rNeg     . . .     Faith    .   (helmet restricted)
rPois    .         Spirit   .   (no amulet)
rElec    +         Reflect  .   p - ring of see invisible
rCorr    +         Harm     .   t - ring of resist corrosion
MR       .....                  y - ring of Accord {rElec rC- AC+4 Str+4 Dex+3}
Stlth    +++.......             (no ring)
HPRegen  0.20/turn              (no ring)
MPRegen  0.17/turn              (no ring)
                                (no ring)
                                (no ring)

@: no casting
A: almost no armour, stealthy swim, amphibious, 8 rings, constrict 8, camouflage
1, gelatinous body 1
a: Stop Divine Energy, Channel Magic, Forget Spell, Renounce Religion


You were on level 12 of the Dungeon.
You worshipped Sif Muna.
Sif Muna was extremely pleased with you.
You were very hungry.

You visited 2 branches of the dungeon, and saw 13 of its levels.

You collected 590 gold pieces.

Inventory:

Hand Weapons
 v - a +2 flail of protection
 A - a cursed +4 halberd of freezing (weapon)
Missiles
 B - 2 throwing nets (quivered)
Jewellery
 p - a ring of see invisible (left tentacle)
 t - a ring of resist corrosion (right tentacle)
 y - the ring of Accord (on tentacle) {rElec rC- AC+4 Str+4 Dex+3}
   (You found it on level 8 of the Dungeon)

   [ring of protection]

   It affects your AC (+4).
   It affects your strength (+4).
   It affects your dexterity (+3).
   It makes you vulnerable to cold.
   It insulates you from electricity.
Wands
 i - a wand of disintegration (17)
 k - a wand of flame (34)
 s - a wand of digging (15)
 w - a wand of enslavement (13)
Scrolls
 c - 2 scrolls of enchant weapon {unknown}
 d - 3 scrolls of enchant armour
 e - 6 scrolls of remove curse
 g - 3 scrolls of fog {unknown}
 h - a scroll of fear
 j - 2 scrolls of teleportation {unknown}
 l - 4 scrolls of immolation {unknown}
 x - a scroll of magic mapping {unknown}
Potions
 a - 2 potions of curing
 f - a potion of haste
 m - 2 potions of magic
 n - 2 potions of lignification
 o - a potion of ambrosia
 q - a potion of brilliance
 r - a potion of might
 u - a potion of heal wounds
Comestibles
 b - 16 rations
 z - 5 chunks of flesh


   Skills:
 - Level 2.0 Dodging
 - Level 2.6 Stealth
 + Level 6.9 Spellcasting
 * Level 10.3 Conjurations
 * Level 10.7 Fire Magic
 + Level 6.9 Invocations


You had 10 spell levels left.
You knew the following spells:

 Your Spells              Type           Power        Failure   Level  Hunger
a - Flame Tongue          Conj/Fire      #####        1%          1    None
b - Conjure Flame         Conj/Fire      #####...     1%          3    #......
c - Sticky Flame          Conj/Fire      #####...     1%          4    ###....
d - Fireball              Conj/Fire      #####.....   3%          5    #####..


Dungeon Overview and Level Annotations

Branches:
Dungeon (12/15)            Temple (1/1) D:6            Lair (0/6) D:10
    Orc (0/2) D:10

Altars:
Ashenzari
Cheibriados
Dithmenos
Elyvilon
Fedhas
Gozag
Hepliaklqana
Kikubaaqudgha
Makhleb
Nemelex Xobeh
Okawaru
Qazlal
Ru
Sif Muna
Trog
Uskayaw
Vehumet
Wu Jian
Xom
Yredelemnul
Zin
The Shining One

Shops:
D:11 *


Innate Abilities, Weirdness & Mutations

You cannot wear most types of armour.
You are very stealthy in the water. (Stealth+)
You are amphibious.
You can wear up to eight rings at the same time.
You can use your tentacles to constrict eight enemies at once.
Your skin changes colour to match your surroundings (Stealth+).
Your rubbery body absorbs attacks. (AC +1, EV +1)


Message History

Press: ? - help, Shift-Dir - straight line, f/p - deep elf mage
Aim: a deep elf mage, wielding a long sword (heavily wounded)
The fireball explodes!
The fireball engulfs the deep elf mage.
The deep elf mage is almost dead.
You are feeling very hungry.
Sif Muna grants you divine energy.
You briefly lose access to your magic!
Unknown command.
Unknown command.
Unknown command.
Unknown command.
Evoke which item? (* to show all) (? for menu, Esc to quit)
Aiming: Disintegrate
Press: ? - help, Shift-Dir - straight line, f/p - deep elf mage
Aim: a deep elf mage, wielding a long sword (almost dead, chance to defeat MR: 48%)
The deep elf mage resists with some effort.
The deep elf mage casts a spell at you. The shard of ice hits you!
You feel a painful chill!
Ouch! That really hurt!
You die...

...§.
...############
...#..........#
..#...@†..†..#
..#...######.#
#.#.e.#....'.#
#.#...#....#.#
#.#...#....#.#
#.'...#....#.#
#.#...#..<.#.#
#.#...#....#.#
#.#...#....#.#


You could see a deep elf mage.

Vanquished Creatures
  2 two-headed ogres
  A centaur skeleton (D:10)
  A merfolk (D:9)
  2 trolls (D:10)
  A vampire (D:8)
  13 yaks
  A hungry ghost (D:5)
  Edmund (D:5)
  A water moccasin (D:11)
  3 porcupines (D:10)
  2 ice beasts
  3 orc warriors
  2 phantoms
  3 sky beasts
  A necrophage (D:9)
  4 ogres
  2 centaurs
  3 big kobolds
  Blork the orc (D:4)
  7 bullfrogs
  A water moccasin zombie (D:5)
  7 killer bees
  7 wights
  4 crimson imps
  3 hounds
  A centaur zombie (D:6)
  3 orc priests
  A bullfrog skeleton (D:9)
  2 jellies
  A gnoll shaman (D:10)
  8 orc wizards
  3 iguanas
  Terence (D:3)
  5 worker ants
  A killer bee zombie (D:10)
  A hound skeleton (D:6)
  4 gnolls (D:10)
  6 adders
  A howler monkey skeleton (D:10)
  A shadow imp (D:7)
  2 oozes
  2 adder skeletons (D:6)
  A worm (D:2)
  2 dart slugs
  8 leopard geckos
  28 orcs
  8 bats
  4 giant cockroaches
  4 goblins
  5 hobgoblins
  12 jackals
  3 quokkas
  A ball python (D:2)
  4 frilled lizards
  A giant cockroach zombie (D:5)
  A jackal zombie (D:7)
  13 kobolds
  7 rats
  A fungus (D:10)
222 creatures vanquished.

Vanquished Creatures (others)
  8 fungi (D:10)
  3 plants (D:10)
11 creatures vanquished.

Grand Total: 233 creatures vanquished

Notes
Turn   | Place    | Note
-------+----------+-------------------------------------------
     0 | D:1      | 4thArraOfDagon the Octopode Fire Elementalist began the quest for the Orb.
     0 | D:1      | Reached XP level 1. HP: 11/11 MP: 3/3
   166 | D:2      | Reached XP level 2. HP: 17/17 MP: 1/5
   325 | D:3      | Noticed Terence
   329 | D:3      | Killed Terence
   329 | D:3      | Reached XP level 3. HP: 10/21 MP: 2/6
   334 | D:3      | Learned a level 3 spell: Conjure Flame
   392 | D:3      | Found a snail-covered altar of Cheibriados.
   518 | D:4      | Noticed an ogre
   546 | D:4      | Killed an ogre
   546 | D:4      | Reached XP level 4. HP: 27/27 MP: 0/8
   546 | D:4      | Reached XP level 5. HP: 31/31 MP: 0/9
   552 | D:4      | Learned a level 4 spell: Sticky Flame
   663 | D:4      | Found an iron altar of Okawaru.
   683 | D:5      | Entered Level 5 of the Dungeon
   825 | D:6      | Noticed a phantom
   865 | D:6      | Found a staircase to the Ecumenical Temple.
   873 | Temple   | Entered the Ecumenical Temple
   926 | D:6      | Noticed an orc warrior
  1043 | D:7      | Reached XP level 6. HP: 32/36 MP: 5/10
  1057 | D:7      | Noticed a phantom
  1071 | D:7      | Reached skill level 5 in Fire Magic
  1164 | D:7      | Found a blossoming altar of Fedhas.
  1166 | D:7      | Found a shimmering altar of Xom.
  1168 | D:7      | Found a deep blue altar of Sif Muna.
  1180 | D:7      | Became a worshipper of Sif Muna the Loreminder
  1223 | D:7      | Reached XP level 7. HP: 31/41 MP: 0/12
  1425 | D:7      | Learned a level 5 spell: Fireball
  1510 | D:7      | Reached skill level 1 in Invocations
  1782 | D:6      | Reached skill level 5 in Conjurations
  1832 | D:5      | Reached XP level 8. HP: 18/46 MP: 2/13
  1885 | D:5      | Reached * piety under Sif Muna
  2275 | D:4      | Noticed Blork the orc
  2540 | D:1      | Reached ** piety under Sif Muna
  3628 | D:4      | Killed Blork the orc
  4179 | D:5      | Noticed Edmund
  4204 | D:5      | Killed Edmund
  4214 | D:5      | Reached XP level 9. HP: 41/51 MP: 5/15
  5054 | D:8      | Found a radiant altar of Vehumet.
  5208 | D:8      | Reached skill level 5 in Spellcasting
  5325 | D:8      | Found a basalt altar of Yredelemnul.
  5449 | D:8      | Got a brightly glowing bone ring
  5450 | D:8      | Identified the ring of Accord {rElec rC- AC+4 Str+4 Dex+3} (You found it on level 8 of the Dungeon)
  5479 | D:8      | Reached *** piety under Sif Muna
  5569 | D:9      | Found a stormy altar of Qazlal.
  5674 | D:9      | Found a shattered altar of Ashenzari.
  5887 | D:9      | Reached skill level 5 in Invocations
  5887 | D:9      | Reached XP level 10. HP: 48/56 MP: 8/18
  5994 | D:9      | Found a hazy altar of Hepliaklqana.
  6094 | D:9      | Noticed a two-headed ogre
  6112 | D:9      | Killed a two-headed ogre
  6112 | D:9      | Reached **** piety under Sif Muna
  6413 | D:10     | Entered Level 10 of the Dungeon
  6682 | D:10     | Reached skill level 10 in Fire Magic
  6685 | D:10     | Noticed a two-headed ogre
  6697 | D:10     | Killed a two-headed ogre
  6697 | D:10     | Reached ***** piety under Sif Muna
  6697 | D:10     | Reached XP level 11. HP: 30/61 MP: 3/20
  6736 | D:10     | Found a staircase to the Orcish Mines.
  6751 | D:10     | Found a staircase to the Lair.
  6923 | D:10     | Identified Sif Muna's Reference Book on Attacks (Sif Muna gifted it to you on level 10 of the Dungeon)
  6923 | D:10     | Received a gift from Sif Muna
  6927 | D:10     | Reached skill level 10 in Conjurations
  7166 | D:11     | Found a deep blue altar of Sif Muna.
  7168 | D:11     | Noticed an eight-headed hydra
  7183 | D:11     | Found Sakh's Serpentskin Sales.
  7277 | D:12     | Noticed a deep elf mage
  7290 | D:12     | Killed from afar by a deep elf mage

Vault maps used:
D:1:      lightli_arrival_farm
D:3:      cheibriados_altar_1, first_ration, uniq_terence
D:4:      cheibrodos_thug_alley, okawaru_metal_pillars_1_2,
          mrwooster_statue_mirror, uniq_blork_the_orc
D:5:      uniq_edmund
D:6:      minmay_temple_entry_glassed_door
D:7:      minitemple, st_stairs_1
D:8:      vehumet_altar_wand_db, lemuel_coloured_pillars_altar
D:9:      overflow_temple_1_default, ashenzari_altar_1, marbit_many_paths,
          hangedman_fish_farm, hangedman_abyss_or_decor_clamps
D:10:     grunt_lair_entry_orc_guard_hut, orc_0_dummy,
          hangedman_abyss_or_decor_lesser_grid
D:11:     basic_altar, guppyfry_shop_venom, uniq_grum, uniq_harold
D:12:     grunt_decor_arrowhead, uniq_maurice
Temple:   nicolae_temple_x_marks_the_god

Skill      XL: |  1  2  3  4  5  6  7  8  9 10 11 |
---------------+----------------------------------+-----
Conjurations   | 2 3 4 5 6 8 9 10 | 10.3
Fire Magic     | 4 5 6 7 8 10 | 10.7
Spellcasting   | 3 4 5 6 |  6.9
Invocations    | 1 3 5 6 |  6.9
Dodging        | |  2.0
Stealth        | |  2.6

Action                   |  1- 3 |  4- 6 |  7- 9 | 10-12 || total
-------------------------+-------+-------+-------+-------++-------
Melee: Short sword       |    15 |       |       |       ||    15
       Constrict         |     8 |     4 |    51 |    11 ||    74
       Tentacles         |     3 |     5 |    37 |     8 ||    53
       Unarmed           |     1 |       |       |       ||     1
       Morningstar       |     1 |       |       |       ||     1
       Trident           |       |    23 |   116 |       ||   139
       Flail             |       |       |    79 |    13 ||    92
       Halberd           |       |       |       |    58 ||    58
 Cast: Flame Tongue      |    17 |    13 |    82 |    29 ||   141
       Conjure Flame     |     1 |     4 |     8 |    16 ||    29
       Sticky Flame      |       |     3 |    30 |    18 ||    51
       Fireball          |       |       |     1 |    19 ||    20
Invok: Divine Energy     |       |       |     1 |       ||     1
       Channel Magic     |       |       |       |     3 ||     3
Evoke: Wand              |       |       |       |     1 ||     1
  Use: Scroll            |       |     4 |     7 |     3 ||    14
       Potion            |       |     1 |     2 |       ||     3
 Stab: Sleeping          |     3 |       |    12 |     4 ||    19
       Distracted        |       |       |     1 |       ||     1
  Eat: Chunk             |       |     2 |    23 |    12 ||    37
Armor: Skin              |     5 |     1 |    38 |    17 ||    61
Dodge: Dodged            |    11 |    29 |   149 |    31 ||   220

Table legend:
 A = Spawn XP
 B = Non-spawn XP
 C = Spawn XP percentage of total XP
 D = Spawn monster count
 E = Non-spawn monster count
 F = Spawn count percentage of total count
 G = Total turns spent on level
                    A         B        C        D         E        F      G
               +---------+---------+-------+---------+---------+-------+---------
         Total |       0 |   12693 |   0.0 |       0 |     221 |   0.0 |  7290
               +---------+---------+-------+---------+---------+-------+---------
           D:1 |       0 |      31 |   0.0 |       0 |      18 |   0.0 |   479
           D:2 |       0 |      31 |   0.0 |       0 |      16 |   0.0 |   464
           D:3 |       0 |      73 |   0.0 |       0 |      12 |   0.0 |   879
           D:4 |       0 |     678 |   0.0 |       0 |      26 |   0.0 |   851
           D:5 |       0 |     763 |   0.0 |       0 |      17 |   0.0 |   750
           D:6 |       0 |     581 |   0.0 |       0 |      25 |   0.0 |   575
           D:7 |       0 |     646 |   0.0 |       0 |      12 |   0.0 |   836
           D:8 |       0 |     882 |   0.0 |       0 |      12 |   0.0 |   691
           D:9 |       0 |    3081 |   0.0 |       0 |      34 |   0.0 |   850
          D:10 |       0 |    4625 |   0.0 |       0 |      37 |   0.0 |   753
          D:11 |       0 |     377 |   0.0 |       0 |       4 |   0.0 |    52
          D:12 |       0 |     925 |   0.0 |       0 |       8 |   0.0 |    72
               +---------+---------+-------+---------+---------+-------+---------
